 Dungeon Crawl Stone Soup version 0.30-a0-4-ga7cffc901d (webtiles) character file.

Game seed: 8259995867554316896

86 Setbun the Cutter (level 4, 0/25 (26) HPs)
             Began as a Kobold Brigand on Aug 21, 2022.
             Slain by a hell rat (3 damage)
             ... in a sewer.
             The game lasted 00:01:43 (1840 turns).

Setbun the Cutter (Kobold Brigand)                  Turns: 1840, Time: 00:01:44

HP:   0/25 (26)     AC:  3    Str:  8    XL:     4   Next: 77%
MP:   4/4           EV: 14    Int: 12    God:
Gold: 160           SH:  0    Dex: 18    Spells: 3/3 levels left

rFire   . . .      SeeInvis .    a - +2 dagger
rCold   + . .      Faith    .    (no shield)
rNeg    . . .      Spirit   .    b - +0 robe
rPois   .          Reflect  .    (no helmet)
rElec   .          Harm     .    c - +0 cloak
rCorr   .          Rampage  .    (no gloves)
Will    +....      Clarity  +    (no boots)
Stlth   ++........               (no amulet)
HPRegen 0.08/turn                i - ring of willpower
MPRegen 0.09/turn                (no ring)

@: lightly drained, very slow
A: small, no large weapons, nightstalker 3, clarity, cold resistance 1
a: no special abilities


You were in a sewer.
You visited 1 branch of the dungeon, and saw 3 of its levels.
You also visited: Sewer.

You collected 160 gold pieces.

Inventory:

Hand Weapons
 a - a +2 dagger (weapon)
Missiles
 d - 12 poisoned darts (quivered)
 e - 3 curare-tipped darts
Armour
 b - a +0 robe (worn)
 c - a +0 cloak (worn)
Jewellery
 i - a ring of willpower (left hand)
Scrolls
 f - 2 scrolls of teleportation
 h - a scroll of identify
Potions
 g - a potion of berserk rage {unknown}
 j - a potion of ambrosia {unknown}
 k - a potion of might {unknown}
 l - a potion of lignification {unknown}


   Skills:
 - Level 2.1 Fighting
 * Level 6.1 Short Blades
 - Level 2.1 Throwing
 - Level 1.2 Dodging
 - Level 5.3 Stealth


You had 3 spell levels left.
You didn't know any spells.
Your spell library contained the following spells:

 Spells                   Type           Power      Damage    Failure   Level
 Slow                     Hex            0%         N/A       32%         1
 Confusing Touch          Hex            0%         N/A       69%         3
 Dazzling Flash           Conj/Hex       0%         N/A       69%         3
 Vampiric Draining        Necr           0%         2d6       69%         3
 Iskenderun's Mystic Bla  Conj/Tloc      0%         2d3       97%         4
 Starburst                Conj/Fire      0%         6d3       100%        6


Dungeon Overview and Level Annotations

Branches:
Dungeon (3/15)              Sewer (1/1)

Altars:
Dithmenos

Shops:
D:1 (


Innate Abilities, Weirdness & Mutations

You are small and have problems with some larger weapons.
You are completely attuned to the shadows.
You possess an exceptional clarity of mind.
Your flesh is cold resistant. (rC+)


Message History

No target in view!
You enter the shallow water.
Moving in this stuff is going to be slow.
A rat comes into view.
A rat is nearby!
You enter the shallow water.
Moving in this stuff is going to be slow.
The rat barely misses you. The rat bites you but does no damage.
You hit the rat.
You kill the rat!
No target in view!
No target in view!
No target in view!
No target in view!
No target in view!
No target in view!
No target in view!
You open the door.
A hell rat comes into view.
A hell rat is nearby!
Found five items.
The hell rat roars deafeningly!
There is an open door here.
You enter the shallow water.
Moving in this stuff is going to be slow.
Found a white potion and a scroll labelled YMUIPNYDA.
Found a gate leading back out of this place.
The hell rat closely misses you. The hell rat bites you!
You hit the hell rat.
The hell rat is lightly wounded.
You hit the hell rat but do no damage.
The hell rat is lightly wounded.
The hell rat bites you but does no damage.
Your unstable footing causes you to fumble your attack.
The hell rat barely misses you.
Your unstable footing causes you to fumble your attack.
The hell rat bites you!
* * * LOW HITPOINT WARNING * * *
You feel drained.
You die...

###~~.###
#...~~~~#
##.~~~..~##
#~.~###~~~#
##..##~##..##
#~~~#..~#.~~#
#..##~.!##..#
#.~#.~~!?#..#
#~~'@r~?∩#∩∩#
#.~#.~~!!#~.#
#~.##~.?##~~#
#~~~ .~.#.~.#
##~.##.##~.##
#~~~


You could see a hell rat.

Vanquished Creatures
  4 adders
  A river rat (Sewer)
  4 endoplasms
  4 giant cockroaches
  4 goblins
  4 hobgoblins
  4 kobolds
  2 quokkas
  A ball python (D:2)
  5 bats
  5 frilled lizards
  2 rats
40 creatures vanquished.

Notes
Turn   | Place    | Note
-------+----------+-------------------------------------------
     0 | D:1      | Setbun the Kobold Brigand began the quest for the Orb.
     0 | D:1      | Reached XP level 1. HP: 12/12 MP: 1/1
   234 | D:1      | Found Xumod's Weapon Shop.
   247 | D:1      | Reached skill level 3 in Short Blades
   257 | D:1      | Reached XP level 2. HP: 14/17 MP: 2/2
   517 | D:1      | Found a faded altar of an unknown god.
   528 | D:1      | Reached skill level 4 in Short Blades
   833 | D:2      | Reached XP level 3. HP: 21/21 MP: 3/3
  1062 | D:2      | Found a shadowy altar of Dithmenos.
  1185 | D:2      | Reached skill level 5 in Short Blades
  1209 | D:2      | Gained mutation: Your mind is acute. (Int +4, Str/Dex -1)
                  | [potion of mutation]
  1209 | D:2      | Gained mutation: Your flesh is cold resistant. (rC+)
                  | [potion of mutation]
  1209 | D:2      | Lost mutation: Your mind is acute. (Int +4, Str/Dex -1)
                  | [potion of mutation]
  1209 | D:2      | Gained mutation: You possess an exceptional clarity of
                  | mind. [potion of mutation]
  1219 | D:2      | Reached XP level 4. HP: 14/26 MP: 4/4
  1791 | D:3      | Found a glowing drain.
  1799 | Sewer    | Entered a sewer
  1825 | Sewer    | Reached skill level 6 in Short Blades
  1840 | Sewer    | Slain by a hell rat

Illustrated notes

Levels and vault maps discovered:
D:1:      ncdulo_wetmaze, layout_loops_ring, serial_shops, shop,
          ebering_ecumenical_altar_hall
D:2:      layout_loops_cross, basic_altar
D:3:      layout_loops_ring, portal_sewer_entry_f
Sewer:    sewer_hellmonk_bad_rat

Skill      XL: |  1  2  3  4 |
---------------+-------------+-----
Short Blades   | 3 4 5 6 |  6.1
Fighting       | |  2.1
Throwing       | |  2.1
Dodging        | |  1.2
Stealth        | |  5.3

Action                   |  1- 3 |  4- 6 || total
-------------------------+-------+-------++-------
Melee: Dagger            |    64 |    23 ||    87
       Punch             |     1 |       ||     1
  Use: Potion            |     3 |       ||     3
       Scroll            |       |     3 ||     3
 Stab: Sleeping          |    16 |     9 ||    25
Armor: Robe              |     7 |     7 ||    14
Dodge: Dodged            |    34 |    15 ||    49

Table legend: (Time is in decaauts)
 A = Elapsed time spent in this place.
 B = Non-inter-level travel time spent in this place.
 C = Inter-level travel time spent in this place.
 D = Time resting spent in this place.
 E = Time spent auto-exploring this place.
 F = Levels seen in this place.
 G = Mean time per level.
                   A        B        C        D        E       F      G
               +--------+--------+--------+--------+--------+-----+--------+
         Total |   1834 |   1767 |     67 |      0 |   1513 |   4 |  458.5 |
       Dungeon |   1788 |   1721 |     67 |      0 |   1486 |   3 |  596.0 |
         Sewer |     45 |     45 |      0 |      0 |     27 |   1 |   45.0 |
               +--------+--------+--------+--------+--------+-----+--------+

Top non-repeatable levels by time:
     D:2: 852 daAuts
     D:1: 764 daAuts
     D:3: 171 daAuts
   Sewer: 45 daAuts
